 Dungeon Crawl Stone Soup version 0.22.0-49-gab54619 (webtiles) character file.

52 suicidejoker the Sneak (level 3, -3/16 HPs)
             Began as a Spriggan Enchanter on Sept 9, 2018.
             Slain by a worm (6 damage)
             ... on level 2 of the Dungeon.
             The game lasted 00:02:53 (1347 turns).

suicidejoker the Sneak (Spriggan Enchanter)         Turns: 1347, Time: 00:02:54

Health: -3/16      AC:  2    Str:  4    XL:     3   Next: 60%
Magic:  8/8        EV: 19    Int: 21    God:
Gold:   62         SH:  0    Dex: 17    Spells: 7/8 levels left

rFire    . . .     SeeInvis +   a - +1 dagger
rCold    . . .     Gourm    .   (shield restricted)
rNeg     . . .     Faith    .   b - +0 robe
rPois    .         Spirit   .   (helmet restricted)
rElec    .         Reflect  .   (no cloak)
rCorr    .         Harm     .   (gloves unavailable)
MR       .....                  (boots unavailable)
Stlth    +++.......             (no amulet)
HPRegen  0.05/turn              (no ring)
MPRegen  0.11/turn              (no ring)

@: brilliant, hasted, very quick
A: very small, unfitting armour, see invisible, herbivore, speed 3, slow
metabolism 2
a: no special abilities


You were on level 2 of the Dungeon.
You were not hungry.

You visited 1 branch of the dungeon, and saw 2 of its levels.

You collected 62 gold pieces.

Inventory:

Hand Weapons
 a - a +1 dagger (weapon)
Armour
 b - a +0 robe (worn)
Scrolls
 c - 2 scrolls of identify
 g - a scroll of amnesia
 h - a scroll of fear
 i - a scroll of remove curse {unknown}
Comestibles
 d - 4 rations


   Skills:
 + Level 1.8 Short Blades
 + Level 3.6 Dodging
 * Level 5.5 Stealth
 + Level 3.1 Spellcasting
 + Level 4.0 Hexes


You had 7 spell levels left.
You knew the following spells:

 Your Spells              Type           Power        Failure   Level  Hunger
a - Corona                Hex            ####...      1%          1    None

Your spell library contained the following spells:

 Spells                   Type           Power        Failure   Level  Hunger
 Ensorcelled Hibernation  Hex/Ice        ###...       1%          2    ##.....
 Confuse                  Hex            ####....     1%          3    ###....
 Tukima's Dance           Hex            ####....     1%          3    ###....
 Dazzling Spray           Conj/Hex       ###...       2%          3    ###....


Dungeon Overview and Level Annotations

Branches:
Dungeon (2/15)

Altars:


Innate Abilities, Weirdness & Mutations

You are very small and have problems with some larger weapons.
You are too small for most types of armour.
You have supernaturally acute eyesight. (SInv)
You are a herbivore.
You cover ground extremely quickly.
You need to consume almost no food.


Message History

You hit the worm.
The worm is lightly wounded.
You hit the worm but do no damage.
The worm is lightly wounded.
You hit the worm but do no damage.
The worm is lightly wounded.
The worm bites you.
* * * LOW HITPOINT WARNING * * *
You aren't carrying any potions.
As you read the scroll labeled XOCHOSEREF, it crumbles to dust.
It is a scroll of identify.
g - a scroll of amnesia
As you read the scroll labeled FEWUCA QOFUOSU, it crumbles to dust.
You assume a fearsome visage.
The worm looks frightened!
It was a scroll of fear.
You hit the worm but do no damage.
Your attack snaps the worm out of its fear.
The worm is lightly wounded.
The worm bites you.
You die...

## .# .. #.# #### #.
.l# >..#### #. ..#
......# #. ####..###
.#.##.# #. ........
.#>##.#### #.###...#
.#.......# #.@w..$#
...##.##.# #####.##
...##)##.# #...#
......##.# #.w)#
########.# #...# ####
#..##### #...# ...#
#......# #...# ..^#
#.####.#####...####
...##
#.####...............


You could see a worm.

Vanquished Creatures
  2 adders (D:2)
  2 oozes (D:1)
  A dart slug (D:1)
  A leopard gecko (D:1)
  2 ball pythons (D:1)
  2 giant cockroaches (D:1)
  3 goblins
  A hobgoblin (D:2)
  4 bats
  2 frilled lizards (D:1)
  2 kobolds
  2 rats
24 creatures vanquished.

Notes
Turn   | Place    | Note
-------+----------+-------------------------------------------
     0 | D:1      | suicidejoker the Spriggan Enchanter began the quest for the
                  | Orb.
     0 | D:1      | Reached XP level 1. HP: 9/9 MP: 5/5
   376 | D:1      | Reached XP level 2. HP: 13/13 MP: 6/6
   555 | D:1      | Reached skill level 5 in Stealth
  1034 | D:2      | Reached XP level 3. HP: 16/16 MP: 8/8
  1347 | D:2      | Slain by a worm

Skill      XL: |  1  2  3 |
---------------+----------+-----
Stealth        | 5 |  5.5
Spellcasting   | 3 |  3.1
Hexes          | 4 |  4.0
Short Blades   | |  1.8
Dodging        | |  3.6

Action                   || total
-------------------------++-------
Melee: Dagger            ||   133
  Use: Scroll            ||     2
       Potion            ||     2
 Stab: Sleeping          ||     9
Armor: Robe              ||     7
Dodge: Dodged            ||   103
